 Dungeon Crawl Stone Soup version 0.31-a0-1-g4198be8af4 (webtiles) character file.

Game seed: 17021052142861008940

18 Mickster the Trooper (level 2, -2/26 HPs)
             Began as a Draconian Monk on May 2, 2023.
             Slain by a hobgoblin (4 damage)
             ... on level 1 of the Dungeon.
             The game lasted 00:02:08 (192 turns).

Mickster the Trooper (Draconian Monk)                Turns: 192, Time: 00:02:09

Health: -2/26      AC:  4    Str: 13    XL:     2   Next: 51%
Magic:  2/2        EV: 12    Int: 10    God:
Gold:   12         SH:  0    Dex: 13    Spells: 1/1 levels left

rFire   . .          .
                       - Unarmed
rCold   . . .        b - orb {light}
rNeg    . . .        (body armour unavailable)
rPois   .            (helmet restricted)
rElec   .            (no cloak)
rCorr   .            (no gloves)
SInv    .            (no boots)
Will    .....        (no amulet)
Stlth   +            (no ring)
HPRegen 0.24/turn    (no ring)
MPRegen 0.08/turn

%: no passive effects
@: glowing
A: AC +4, unfitting armour, cold-blooded
a: no special abilities


You were on level 1 of the Dungeon.
You visited 1 branch of the dungeon, and saw 1 of its levels.

You collected 12 gold pieces.

Inventory:

Hand Weapons
 d - a +0 dagger
Armour
 b - an orb of light (worn)
Scrolls
 e - a scroll of vulnerability {unknown}
Potions
 a - a potion of ambrosia
 c - a potion of heal wounds


   Skills:
 + Level 3.6 Fighting
 + Level 3.0 Dodging
 + Level 3.4 Unarmed Combat


You had one spell level left.
You didn't know any spells.
Your spell library was empty.

Dungeon Overview and Level Annotations

Branches:
Dungeon (1/15)

Altars:


Innate Abilities, Weirdness & Mutations

Your plain brown scales are hard. (AC +4)
You cannot fit into any form of body armour.
You are cold-blooded and may be slowed by cold attacks.


Message History

You kill the kobold!
Things that are here:
a +0 whip; a kobold corpse
Things that are here:
a +0 club; a rat corpse; a goblin corpse
Things that are here:
a +0 club; a rat corpse; a goblin corpse An endoplasm comes into view.
The endoplasm quivers.
A hobgoblin comes into view.
A ball python and a bat come into view.
Found a scroll labelled BON ZARUMM.
The ball python hisses angrily.
The endoplasm freezes you.
You are frozen.
You feel yourself slow down.
You hit the endoplasm.
The endoplasm is moderately wounded.
The bat hits you but does no damage. x3
The endoplasm freezes you.
You are frozen.
* * * LOW HITPOINT WARNING * * *
You hit the endoplasm.
The endoplasm is almost dead.
The bat misses you. The endoplasm freezes you.
You are frozen.
* * * LOW HITPOINT WARNING * * *
You hit the endoplasm.
You kill the endoplasm!
The bat hits you but does no damage. The hobgoblin closely misses you.
The bat barely misses you. The hobgoblin completely misses you.
Your Dodging skill increases to level 3!
The hobgoblin hits you but does no damage.
The bat barely misses you.
You hit the bat.
You kill the bat!
You feel yourself speed up. The ball python closely misses you.
The ball python barely misses you. The hobgoblin hits you.
You die...

##.## .. ..
#.###.# ## .#
#######...#.#..###
..................
##########.###..#.
..#####.....#
#...........#..
......gS#.....#
?.....†@...#...#
........##...#..#
........# ##.....
........# ####.
........#
........#
#########


You could see a hobgoblin and a ball python.

Vanquished Creatures
  A dart slug (D:1)
  A ball python (D:1)
  2 endoplasms (D:1)
  A giant cockroach (D:1)
  2 goblins (D:1)
  2 hobgoblins (D:1)
  2 kobolds (D:1)
  2 bats (D:1)
  3 rats (D:1)
16 creatures vanquished.

Notes
Turn   | Place    | Note
-------+----------+-------------------------------------------
     0 | D:1      | Mickster the Draconian Monk began the quest for the Orb.
     0 | D:1      | Reached XP level 1. HP: 19/19 MP: 1/1
    72 | D:1      | Reached XP level 2. HP: 22/26 MP: 2/2
   189 | D:1      | HP: 1/26 [frozen (5)]
   192 | D:1      | Slain by a hobgoblin

Illustrated notes

Levels and vault maps discovered:
D:1:      tarquinn_simple_flora_water_f, layout_rooms, minmay_worlds_worst_comb

Skill      XL: |  1  2 |
---------------+-------+-----
Dodging        | 3 |  3.0
Fighting       | |  3.6
Unarmed Combat | |  3.4

Action                     || total
---------------------------++-------
  Melee: Unarmed           ||    52
         Tailslap          ||     3
    Use: Scroll            ||     1
 Armour: Skin              ||    26
  Dodge: Dodged            ||    46

Table legend: (Time is in decaauts)
 A = Elapsed time spent in this place.
 B = Non-inter-level travel time spent in this place.
 C = Inter-level travel time spent in this place.
 D = Time resting spent in this place.
 E = Time spent auto-exploring this place.
 F = Levels seen in this place.
 G = Mean time per level.
                   A        B        C        D        E       F      G
               +--------+--------+--------+--------+--------+-----+--------+
         Total |    191 |    191 |      0 |      0 |      0 |   1 |  191.0 |
       Dungeon |    191 |    191 |      0 |      0 |      0 |   1 |  191.0 |
               +--------+--------+--------+--------+--------+-----+--------+

Top non-repeatable levels by time:
     D:1: 191 daAuts
